 Dungeon Crawl Stone Soup version 0.27-a0-1612-gde56a17b89 (webtiles) character file.

Game seed: 16267307730484636938

58 Anon1729 the Insei (level 4, -5/35 HPs)
             Began as a Merfolk Monk on July 21, 2021.
             Was a Priest of Elyvilon.
             Slain by Robin (11 damage)
             ... on level 3 of the Dungeon.
             The game lasted 00:01:43 (2326 turns).

Anon1729 the Insei (Merfolk Monk)                   Turns: 2326, Time: 00:01:44

Health: -5/35      AC:  2    Str: 11    XL:     4   Next: 2%
Magic:  2/4        EV: 13    Int: 10    God:    Elyvilon [***...]
Gold:   166        SH:  0    Dex: 16    Spells: 3/3 levels left

rFire    . . .     SeeInvis .     - Unarmed
rCold    . . .     Faith    .   (no shield)
rNeg     . . .     Spirit   .   a - +0 robe
rPois    .         Reflect  .   (no helmet)
rElec    .         Harm     .   (no cloak)
rCorr    .         Rampage  .   (no gloves)
Will     .....                  (no boots)
Stlth    ++........             (no amulet)
HPRegen  0.11/turn              (no ring)
MPRegen  0.09/turn              (no ring)

@: no status effects
A: (nimble swimmer 2), mertail
a: Renounce Religion, Lesser Healing, Heal Other, Purification, Divine
Protection


You were on level 3 of the Dungeon.
You worshipped Elyvilon.
Elyvilon was most pleased with you.
You visited 1 branch of the dungeon, and saw 3 of its levels.

You collected 166 gold pieces.

Inventory:

Missiles
 p - 16 poisoned darts (quivered)
Armour
 a - a +0 robe (worn)
Jewellery
 n - a ring of wizardry
Scrolls
 b - a scroll of immolation {unknown}
 c - 2 scrolls of vulnerability {unknown}
 e - 2 scrolls of identify {unknown}
 g - a scroll of blinking {unknown}
 h - a scroll of silence {unknown}
 j - a scroll of teleportation {unknown}
 o - a scroll of fear {unknown}
Potions
 d - a potion of lignification {unknown}
 f - a potion of mutation {unknown}
 i - a potion of ambrosia {unknown}
 k - a potion of flight {unknown}
 l - 2 potions of brilliance {unknown}
 m - a potion of cancellation {unknown}


   Skills:
 - Level 3.3 Fighting
 - Level 4.0 Dodging
 - Level 2.2 Stealth
 + Level 5.2 Unarmed Combat


You had 3 spell levels left.
You didn't know any spells.
Your spell library was empty.

Dungeon Overview and Level Annotations

Branches:
Dungeon (3/15)

Altars:
Elyvilon

Annotations:
D:3 Robin


Innate Abilities, Weirdness & Mutations

((You are quick and stealthy near water. (Stealth+, EV+, Speed+++)))
Your lower body shifts to a powerful aquatic tail in water.


Message History

You hit the goblin.
The goblin is moderately wounded.
The goblin no longer looks unusually strong.
Robin throws the goblin at you! The goblin barely misses you.
The goblin hits you with a +0 dagger.
You punch the goblin!
You kill the goblin!
The goblin closely misses you.
You hit the goblin but do no damage.
The goblin no longer looks unusually strong.
The goblin hits you with a +0 dagger.
* * * LOW HITPOINT WARNING * * *
You hit the goblin.
The goblin is heavily wounded.
The goblin hits you with a +0 club.
* * * LOW HITPOINT WARNING * * *
The goblin closely misses you.
You barely miss the goblin.
The hobgoblin no longer looks unusually strong.
The goblin no longer looks unusually strong.
The goblin misses you. The goblin closely misses you.
You hit the goblin.
You kill the goblin!
Robin hits you from afar with a +0 trident.
* * * LOW HITPOINT WARNING * * *
You have reached level 4!
You are healed.
The goblin hits you but does no damage.
Robin hits you from afar with a +0 trident!
* * * LOW HITPOINT WARNING * * *
You closely miss the goblin. The goblin barely misses you.
Robin barely misses you.
You hit the goblin.
You kill the goblin!
Robin completely misses you.
You are healed.
Robin roars a battlecry!
The hobgoblin goes into a battle-frenzy!
Items here: )) ††.
Robin hits you from afar with a +0 trident!
You die...

#### ##.. ... ..# .#.
#.# .....#######.# .
......)))gg..######...
.....#######@#........
... ###....###.#.. .
###......†......
#........###.##.
.######............
...................#
######......#######
### #..........## ..#
#.##########


You could see Robin and a hobgoblin (strong).

Vanquished Creatures
  An adder (D:2)
  A worm (D:3)
  2 dart slugs
  2 bats (D:3)
  A giant cockroach (D:1)
  11 goblins
  7 hobgoblins
  3 kobolds
  4 ball pythons
  4 frilled lizards
  5 rats
41 creatures vanquished.

Vanquished Creatures (others)
  A fungus (D:1)
  3 toadstools (D:1)
4 creatures vanquished.

Grand Total: 45 creatures vanquished

Notes
Turn   | Place    | Note
-------+----------+-------------------------------------------
     0 | D:1      | Anon1729 the Merfolk Monk began the quest for the Orb.
     0 | D:1      | Reached XP level 1. HP: 18/18 MP: 1/1
    11 | D:1      | Noticed an electric eel
    14 | D:1      | You fall into a shaft and drop 1 floor!
    33 | D:2      | Reached skill level 4 in Unarmed Combat
    33 | D:2      | Reached XP level 2. HP: 15/24 MP: 2/2
   422 | D:2      | Found a faded altar of an unknown god.
   538 | D:2      | Became a worshipper of Elyvilon the Healer
   538 | D:2      | Reached * piety under Elyvilon
   538 | D:2      | Reached ** piety under Elyvilon
   960 | D:1      | Reached XP level 3. HP: 13/29 MP: 3/3
  1248 | D:1      | Reached *** piety under Elyvilon
  2294 | D:3      | Reached skill level 5 in Unarmed Combat
  2294 | D:3      | Noticed Robin
  2317 | D:3      | Reached XP level 4. HP: 3/35 MP: 4/4
  2317 | D:3      | HP: 1/35 [Robin (7)]
  2326 | D:3      | Slain by Robin

Illustrated notes

Levels and vault maps discovered:
D:1:      arrival_aquarium_a, layout_loops_ring, minmay_gold_behind_fungi,
          minmay_tromino_v7
D:2:      layout_rooms, shapermc_ecumenical_altar_totnotflames
D:3:      layout_loops_ring, corexii_leaking_fountain, uniq_robin

Skill      XL: |  1  2  3 |
---------------+----------+-----
Unarmed Combat | 4 5 |  5.2
Fighting       | |  3.3
Dodging        | |  4.0
Stealth        | |  2.2

Action                   |  1- 3 |  4- 6 || total
-------------------------+-------+-------++-------
Melee: Unarmed           |   122 |     2 ||   124
       Punch             |     2 |       ||     2
Invok: Lesser Healing    |       |     2 ||     2
 Stab: Sleeping          |     4 |       ||     4
Armor: Robe              |    11 |     1 ||    12
Dodge: Dodged            |    66 |     3 ||    69

Table legend: (Time is in decaauts)
 A = Elapsed time spent in this place.
 B = Non-inter-level travel time spent in this place.
 C = Inter-level travel time spent in this place.
 D = Time resting spent in this place.
 E = Time spent auto-exploring this place.
 F = Levels seen in this place.
 G = Mean time per level.
                   A        B        C        D        E       F      G
               +--------+--------+--------+--------+--------+-----+--------+
         Total |   2316 |   2188 |    128 |      0 |   1921 |   3 |  772.0 |
       Dungeon |   2316 |   2188 |    128 |      0 |   1921 |   3 |  772.0 |
               +--------+--------+--------+--------+--------+-----+--------+

Top non-repeatable levels by time:
     D:1: 1179 daAuts
     D:2: 718 daAuts
     D:3: 418 daAuts
